 Dungeon Crawl Stone Soup version 0.17-a0-2215-g49c1de0 (webtiles) character file.

193 4thArraOfDagon the Bolt Thrower (level 6, -1/47 HPs)
             Began as a Formicid Hunter on Oct 27, 2015.
             Slain by a wight
             ... wielding a cursed +0 long sword
              (11 damage)
             ... on level 6 of the Dungeon.
             The game lasted 00:02:18 (246 turns).

4thArraOfDagon the Bolt Thrower (Formicid Hunter)    Turns: 246, Time: 00:02:18

Health: -1/47      AC:  5    Str: 22    XL:     6   Next: 2%
Magic:  6/6        EV: 16    Int: 12    God:
Gold:   0          SH:  0    Dex: 16    Spells: 0 memorised, 5 levels left

rFire  . . .     SeeInvis +     a - +1 hand crossbow
rCold  . . .     Clarity  +     g - +0 ring mail
rNeg   . . .     SustAt   .     (no shield)
rPois  .         Gourm    .     (helmet unavailable)
rElec  .         Spirit   .     (no cloak)
rCorr  .         Warding  .     (no gloves)
rMut   .         Stasis   +     (no boots)
MR     .....                    d - amulet of clarity (curse)
Stlth  ++........               (no ring)
                                (no ring)

@: mighty, agile, lethally poisoned (-1 -> -2), drained, not resistant to
hostile enchantments, unstealthy
A: permanent stasis, dig shafts and tunnels, four strong arms, antennae 3
a: Dig, Shaft Self


You were on level 6 of the Dungeon.
You were hungry.

You visited 1 branch of the dungeon, and saw 6 of its levels.

Inventory:

Hand Weapons
 a - a +1 hand crossbow (weapon)
 c - a +0 short sword
Missiles
 b - 26 bolts (quivered)
Armour
 g - a +0 ring mail (worn)
Jewellery
 d - a cursed amulet of clarity (around neck)
Scrolls
 j - a scroll of teleportation {unknown}
Comestibles
 e - a bread ration


   Skills:
 + Level 3.5(3.3) Fighting
 * Level 5.5(5.3) Crossbows
 + Level 2.8(2.6) Armour
 - Level 1.7(1.5) Dodging
 - Level 1.2(1.0) Stealth


You had 5 spell levels left.
You didn't know any spells.

Dungeon Overview and Level Annotations

Branches:
Dungeon (6/15)
 Temple: D:4-7

Altars:

Shops:
D:6 [


Innate Abilities, Weirdness & Mutations

You are under a permanent stasis effect.
You can dig through walls and to a lower floor.
Your four strong arms can wield two-handed weapons with a shield.
You have a pair of large antennae on your head (SInv).


Message History

Unknown command.
Firing (i - inventory):
b - 29 bolts (quivered)
Press: ? - help, Shift-Dir - straight line, f - wight
Aim: a wight, wielding a long sword and wearing a robe You shoot a bolt.
The bolt hits the wight.
The wight is moderately damaged.
You feel sick. The wight barely misses you.
Firing (i - inventory):
b - 28 bolts (quivered)
Press: ? - help, Shift-Dir - straight line, f/p - wight
Aim: a wight, wielding a long sword and wearing a robe (moderately damaged)
You shoot a bolt. The bolt barely misses the wight.
The wight hits you but does no damage.
Unknown command.
Firing (i - inventory):
b - 27 bolts (quivered)
Press: ? - help, Shift-Dir - straight line, f/p - wight
Aim: a wight, wielding a long sword and wearing a robe (moderately damaged)
You shoot a bolt. The bolt hits the wight.
The wight is heavily damaged.
The wight hits you with a long sword!
You die...

##### .#
.....####.####
.............. # #
#....#zz... #.
.######.#.....
#.###(#.z{zzz#.....
#$....#.#####......
##z###....)...##.(
#@#{.z.(#######
###.###.# #.# .#
#.# .# #.# .# #.#
.# #.# ## ...


You could see a wight.

Vanquished Creatures
  A phantom (D:4)
  A scorpion (D:6)
  A wight (D:6)
  A centaur skeleton (D:5)
  A giant gecko skeleton (D:4)
  2 jackals (D:4)
  A kobold (D:2)
8 creatures vanquished.

Notes
Turn   | Place    | Note
--------------------------------------------------------------
     0 | D:1      | 4thArraOfDagon the Formicid Hunter began the quest for the Orb.
     0 | D:1      | Reached XP level 1. HP: 16/16 MP: 1/1
    17 | D:1      | You fall through a shaft!
    50 | D:2      | You fall through a shaft for 2 floors!
   122 | D:4      | Noticed a phantom
   129 | D:4      | Killed a phantom
   129 | D:4      | Reached XP level 2. HP: 20/24 MP: 2/2
   129 | D:4      | Reached XP level 3. HP: 24/29 MP: 3/3
   129 | D:4      | Reached XP level 4. HP: 28/35 MP: 4/4
   183 | D:4      | You fall through a shaft!
   183 | D:5      | Entered Level 5 of the Dungeon
   188 | D:5      | Reached skill level 5 in Crossbows
   188 | D:5      | Reached XP level 5. HP: 39/41 MP: 5/5
   219 | D:6      | Found Puschixe's Antique Armour Boutique.
   243 | D:6      | Reached XP level 6. HP: 11/47 MP: 6/6
   246 | D:6      | Slain by a wight

Vault maps used:
D:1:      matt_arrival_los_fun, serial_corexii_hall, corexii_hall_statues_s,
          corexii_hall_statues_x
D:3:      minmay_close_crescents, uniq_iyjb, uniq_terence
D:4:      forest_paths, old_standard_altar, first_bread,
          nicolae_ossuary_entry_plus, uniq_duvessa
D:5:      serial_shops, kennysheep_mini, uniq_pikel
D:6:      lemuel_castle_with_subvaults, serial_shops, shop

Action                   |  1- 3 |  4- 6 || total
-------------------------+-------+-------++-------
 Fire: Hand crossbow     |    10 |    19 ||    29
 Abil: Dig               |     6 |     2 ||     8
       Shaft Self        |     2 |       ||     2
  Use: Potion            |       |     3 ||     3
